 Dungeon Crawl Stone Soup version 0.32-a0-616-g9348d4545b (webtiles) character file.

Game seed: 15325109960450032704

182 backslashecho the Ducker (level 5, 0/28 HPs)
             Began as a Spriggan Fighter on Mar 6, 2024.
             Slain by a gnoll
             ... wielding a +0 spear
              (8 damage)
             ... on level 4 of the Dungeon.
             The game lasted 00:05:22 (2980 turns).

backslashecho the Ducker (Spriggan Fighter)         Turns: 2980, Time: 00:05:23

Health: 0/28       AC:  3    Str: 12    XL:     5   Next: 34%
Magic:  6/6        EV: 19    Int:  9    God:
Gold:   144        SH:  5    Dex: 17    Spells: 4/4 levels left

rFire   . . .        a - +0 rapier
rCold   . . .        c - +0 buckler
rNeg    . . .        b - +0 robe
rPois   +            (helmet restricted)
rElec   .            k - +0 cloak
rCorr   .            (gloves unavailable)
SInv    +            (boots unavailable)
Will    .....        (no amulet)
Stlth   ++           i - ring of poison resistance
HPRegen 0.24/turn    (no ring)
MPRegen 0.10/turn

%: no passive effects
@: very quick
A: very small, no large weapons, unfitting armour, see invisible, speed 3
a: no special abilities


You were on level 4 of the Dungeon.
You visited 1 branch of the dungeon, and saw 4 of its levels.

You collected 144 gold pieces.

Inventory:

Hand Weapons
 a - a +0 rapier (weapon)
Armour
 b - a +0 robe (worn)
 c - a +0 buckler (worn)
 k - a +0 cloak (worn)
Jewellery
 i - a ring of poison resistance (left hand)
 p - an amulet of magic regeneration
 r - a +4 ring of protection
Wands
 s - a wand of flame (12)
Scrolls
 f - 2 scrolls of identify {unknown}
 h - a scroll of fear {unknown}
 j - a scroll of revelation {unknown}
 l - 2 scrolls of silence {unknown}
 q - a scroll of immolation {unknown}
Potions
 d - 2 potions of might
 g - a potion of attraction {unknown}
 m - a potion of heal wounds {unknown}
 n - a potion of berserk rage {unknown}
 o - a potion of resistance {unknown}


   Skills:
 + Level 3.2 Fighting
 * Level 4.4 Short Blades
 + Level 5.3 Dodging
 - Level 2.3 Shields


You had 4 spell levels left.
You didn't know any spells.
Your spell library contained the following spells:

 Spells                   Type           Power      Damage    Failure   Level
 Kiss of Death            Conj/Necr      0%         2d5       50%         1
 Confusing Touch          Hex            0%         N/A       86%         3
 Dispel Undead            Necr           0%         3d6       99%         4


Dungeon Overview and Level Annotations

Branches:
Dungeon (4/15)
 Temple: D:4-7

Altars:
Fedhas
Kikubaaqudgha


Innate Abilities, Weirdness & Mutations

You are very small and have problems with some larger weapons.
You are too small for most types of armour.
You have supernaturally acute eyesight. (SInv)
You cover ground extremely quickly. (Speed+++)


Message History

You hit the orc priest.
The orc priest is lightly wounded.
The orc priest shouts, "Surrender to Beogh and we'll let you live!"
The orc priest completely misses you.
The orc priest attacks as it pursues you!
The orc priest completely misses you.
There is a stone staircase leading up here.
You climb upwards.
There is a stone staircase leading down here.
You start resting.
HP restored.
Health restored: 28 You climb downwards.
The orc priest looks braver for a moment.
The orc priest calls down the wrath of Beogh upon you.
Beogh smites you!
There is a stone staircase leading up here.
You take 11 damage, and have 17/28 hp.
MASSIVE DAMAGE!!
The orc priest looks encouraged for a moment.
The orc priest invokes the aid of Beogh against you.
Beogh smites you!
Ouch! That really hurt!
* * * LOW HITPOINT WARNING * * *
The orc priest threatens, "Beogh's wrath is as vast as their mercy.
Make your choice!"
You climb upwards.
There is a stone staircase leading down here.
You take 13 damage, and have 4/28 hp.
MASSIVE DAMAGE!!
You completely miss the orc priest.
The orc priest shouts, "The Pantheon deserves no one's loyalty.
Let us show you the true path!" You block the orc priest's attack.
It was a potion of curing.
You feel better. The orc priest barely misses you.
You regained 10 hp, and now have 14/28 hp.
You hit the orc priest.
The orc priest is moderately wounded.
The orc priest hits you with a +0 dagger.
You take 1 damage, and have 13/28 hp.
You barely miss the orc priest.
The orc priest is moderately wounded.
The orc priest invokes the aid of Beogh against you.
Beogh smites you!
* * * LOW HITPOINT WARNING * * *
You take 12 damage, and have 1/28 hp.
MASSIVE DAMAGE!!
You hit the orc priest.
The orc priest is severely wounded.
The orc priest hits you but does no damage.
The orc priest shouts, "Surrender to Beogh and we'll let you live!"
You puncture the orc priest!
You kill the orc priest!
You see here a +0 whip.
There is a stone staircase leading down here.
You regained 5 hp, and now have 6/28 hp.
You start resting.
HP restored.
Health restored: 28 You climb downwards.
There is a stone staircase leading up here.
You start waiting.
Done waiting.
The gnoll shouts!
There is a stone staircase leading up here.
You start waiting.
A gnoll is nearby!
You hit the gnoll.
The gnoll is moderately wounded.
The gnoll barely misses you.
You hit the gnoll.
The gnoll is heavily wounded.
The gnoll completely misses you.
You hit the gnoll.
The gnoll is almost dead.
You block the gnoll's attack.
You hit the gnoll.
You kill the gnoll!
You hear a shout!
The gnoll closely misses you.
You barely miss the gnoll. The gnoll completely misses you.
You hit the gnoll.
The gnoll is lightly wounded.
The gnoll hits you with a +0 spear.
You take 6 damage, and have 22/28 hp.
MASSIVE DAMAGE!!
You hit the gnoll but do no damage.
The gnoll is lightly wounded.
The gnoll hits you with a +0 spear.
You take 3 damage, and have 19/28 hp.
You hit the gnoll.
The gnoll is moderately wounded.
The gnoll hits you with a +0 spear!
You take 8 damage, and have 11/28 hp.
MASSIVE DAMAGE!!
You hit the gnoll.
The gnoll is severely wounded.
The gnoll completely misses you.
You hit the gnoll but do no damage.
The gnoll is severely wounded.
The gnoll hits you with a +0 spear.
* * * LOW HITPOINT WARNING * * *
You take 3 damage, and have 8/28 hp.
You hit the gnoll but do no damage.
The gnoll is severely wounded.
The gnoll hits you with a +0 spear!
You die...

### #.. #
#.# #.#.#
#.##g#.#####
#.......)gg#
####.#.###.#
#.#@# #.g.#
#####


You could see a gnoll.

Vanquished Creatures
  A hound (D:3)
  An orc priest (D:3)
  3 adders
  3 gnolls
  3 ribbon worms
  An orc (D:4)
  6 ball pythons (D:1)
  4 endoplasms
  5 giant cockroaches
  6 goblins
  5 hobgoblins
  4 jackals (D:1)
  3 kobolds
  2 quokkas
  5 bats
  2 frilled lizards (D:1)
  4 rats
58 creatures vanquished.

Notes
Turn   | Place    | Note
-------+----------+-------------------------------------------
     0 | D:1      | backslashecho the Spriggan Fighter began the quest for the
                  | Orb.
     0 | D:1      | Reached XP level 1. HP: 11/11 MP: 2/2
   119 | D:1      | Reached XP level 2. HP: 16/16 MP: 3/3
   579 | D:1      | Reached XP level 3. HP: 19/19 MP: 4/4
  1803 | D:3      | Reached XP level 4. HP: 12/23 MP: 5/5
  2170 | D:3      | Found an ancient bone altar of Kikubaaqudgha.
  2170 | D:3      | Found a blossoming altar of Fedhas.
  2419 | D:3      | Reached skill level 5 in Dodging
  2589 | D:3      | Reached XP level 5. HP: 22/28 MP: 6/6
  2732 | D:3      | HP: 1/28 [orc priest/divine providence (12)]
  2980 | D:4      | Slain by a gnoll

Illustrated notes

Levels and vault maps discovered:
D:1:      eino_arrival_water_star, layout_basic, solitary_fountain
D:2:      layout_loops_corners
D:3:      layout_basic, grunt_temple_overflow_growth_and_decay
D:4:      layout_basic, guppyfry_early_lair_pool, uniq_pikel, uniq_eustachio,
          uniq_crazy_yiuf_cottage

Skill      XL: |  1  2  3  4 |
---------------+-------------+-----
Short Blades   | 3 4 |  4.4
Fighting       | 3 |  3.2
Dodging        | 5 |  5.3
Shields        | |  2.3

Action                     |  1- 3 |  4- 6 || total
---------------------------+-------+-------++-------
  Melee: Rapier            |   166 |    85 ||   251
    Use: Potion            |       |     1 ||     1
   Stab: Sleeping          |     2 |     1 ||     3
 Armour: Robe              |    39 |    24 ||    63
  Dodge: Dodged            |   140 |    49 ||   189
  Block: Buckler           |    29 |    15 ||    44

Table legend: (Time is in decaauts)
 A = Elapsed time spent in this place.
 B = Non-inter-level travel time spent in this place.
 C = Inter-level travel time spent in this place.
 D = Time resting spent in this place.
 E = Time spent auto-exploring this place.
 F = Levels seen in this place.
 G = Mean time per level.
                   A        B        C        D        E       F      G
               +--------+--------+--------+--------+--------+-----+--------+
         Total |   2129 |   1921 |    208 |    289 |   1103 |   4 |  532.2 |
       Dungeon |   2129 |   1921 |    208 |    289 |   1103 |   4 |  532.2 |
               +--------+--------+--------+--------+--------+-----+--------+

Top non-repeatable levels by time:
     D:2: 712 daAuts
     D:3: 672 daAuts
     D:1: 560 daAuts
     D:4: 183 daAuts
